 Dungeon Crawl Stone Soup version 0.26-a0-812-g31a745ddcd (webtiles) character file.

Game seed: 1066751979174535070

336 Jaqob the Cudgeller (level 6, -8/38 HPs)
             Began as a Gargoyle Fighter on Nov 13, 2020.
             Mangled by Menkaure (13 damage)
             ... on level 4 of the Dungeon.
             The game lasted 00:09:41 (3439 turns).

Jaqob the Cudgeller (Gargoyle Fighter)              Turns: 3439, Time: 00:09:41

Health: -8/38      AC: 14    Str: 28    XL:     6   Next: 54%
Magic:  6/6        EV:  9    Int: 10    God:
Gold:   187        SH: 10    Dex:  9    Spells: 5/5 levels left

rFire    + + +     SeeInvis .   a - +0 flail
rCold    x . .     Faith    .   c - +0 kite shield
rNeg     + . .     Spirit   .   u - +1 ring mail {rF+}
rPois    ∞         Reflect  .   (no helmet)
rElec    +         Harm     .   l - +1 cloak {rPois}
rCorr    .         Rampage  .   (no gloves)
MR       .....                  n - +0 pair of boots
Stlth    +.........             (no amulet)
HPRegen  0.12/turn              g - +6 ring of strength
MPRegen  0.10/turn              r - ring of fire

@: no status effects
A: talons 1, clever 1, fire resistance 1, negative energy resistance 1,
electricity resistance, unbreathing, petrification resistance, rot immunity, AC
+4
a: no special abilities


You were on level 4 of the Dungeon.
You visited 1 branch of the dungeon, and saw 4 of its levels.

You collected 187 gold pieces.

Inventory:

Hand Weapons
 a - a +0 flail (weapon)
 s - a +2 falchion of holy wrath
 t - a +1 trident of freezing
Armour
 b - a +0 scale mail
 c - a +0 kite shield (worn)
 l - a +1 cloak of poison resistance (worn)
 n - a +0 pair of boots (worn)
 u - a +1 ring mail of fire resistance (worn)
Jewellery
 f - an uncursed ring of fire
 g - a +6 ring of strength (left hand)
 q - a -4 ring of protection
 r - a ring of fire (right hand)
Scrolls
 h - 2 scrolls of amnesia
 o - a scroll of remove curse
Potions
 d - 5 potions of might
 e - 2 potions of curing
 i - a potion of invisibility
 k - 3 potions of flight


   Skills:
 + Level 4.1 Fighting
 * Level 4.7 Maces & Flails
 - Level 4.2 Armour
 - Level 1.0 Dodging
 - Level 1.0 Stealth
 - Level 4.3 Shields


You had 5 spell levels left.
You didn't know any spells.
Your spell library was empty.

Dungeon Overview and Level Annotations

Branches:
Dungeon (4/15)
 Temple: D:4-7

Altars:
Elyvilon
Gozag
Hepliaklqana
Ru
Yredelemnul

Annotations:
D:4 Menkaure


Innate Abilities, Weirdness & Mutations

You are resistant to torment.
Your stone body is resilient. (AC +4)
You are immune to poison.
You resist negative energy. (rN+)
You are resistant to electric shocks. (rElec)
You can survive without breathing.
You are immune to petrification.
You are immune to rotting.
You have sharp toenails.
Your mind is acute. (Int +2)
Your flesh is heat resistant. (rF+)


Message History

Things that are here:
a +0 dagger; an orc corpse
Found an opulent altar of Gozag.
Menkaure, Prince of Dust comes into view.
Menkaure is nearby!
Menkaure shouts!
Found a dagger.
There is an opulent altar of Gozag here.
Menkaure hits you!
You hit Menkaure but do no damage. You block Menkaure's attack.
You barely miss Menkaure.
Menkaure casts a spell.
Menkaure seems to speed up.
You closely miss Menkaure. Menkaure hits you!
* * * LOW HITPOINT WARNING * * *
You are too injured to fight recklessly!
You thump Menkaure!
Menkaure is moderately damaged.
You block Menkaure's attack. Menkaure hits you!
You die...

#..###.##.# ##.## #_..).)...#
#####...##### ###.#######.#
............# #.....# #.#
.####..†###.# ##.#.##.### #.#
####...###.# #.
##.#..>.##.####............#
##.#.##.##..).........#...##..#
#...).# #...................
#.#.######._@M........####..#
#..........$$###.##.#. #..#
###..######### #.#.####... #..#
........... #..# ....###...
#..# ......#... #..# ........##
#..# ...<..#.## #... ....###...


You could see Menkaure (fast).

Vanquished Creatures
  Blork the orc (D:4)
  2 orc priests (D:4)
  Crazy Yiuf (D:3)
  An iguana (D:4)
  A worker ant (D:4)
  3 adders
  5 worms
  An adder skeleton (D:3)
  4 dart slugs
  2 leopard geckos
  6 orcs (D:4)
  2 ball pythons
  9 bats
  A giant cockroach (D:3)
  3 hobgoblins
  5 jackals
  A quokka (D:3)
  4 frilled lizards
  6 goblins (D:1)
  A jackal skeleton (D:4)
  11 kobolds
  10 rats
80 creatures vanquished.

Notes
Turn   | Place    | Note
-------+----------+-------------------------------------------
     0 | D:1      | Jaqob the Gargoyle Fighter began the quest for the Orb.
     0 | D:1      | Reached XP level 1. HP: 14/14 MP: 1/1
   303 | D:1      | Reached XP level 2. HP: 19/19 MP: 2/2
   524 | D:1      | Reached XP level 3. HP: 20/23 MP: 3/3
  1111 | D:2      | Found a basalt altar of Yredelemnul.
  1321 | D:2      | Reached XP level 4. HP: 29/29 MP: 4/4
  2087 | D:3      | Found a sacrificial altar of Ru.
  2257 | D:3      | Reached XP level 5. HP: 33/33 MP: 5/5
  2274 | D:3      | Found a runed translucent door.
  2275 | D:3      | Noticed Crazy Yiuf
  2752 | D:3      | Killed Crazy Yiuf
  3082 | D:4      | Noticed Blork the orc
  3098 | D:4      | Killed Blork the orc
  3098 | D:4      | Reached XP level 6. HP: 37/38 MP: 6/6
  3165 | D:4      | Gained mutation: Your flesh is heat resistant. (rF+)
                  | [potion of mutation]
  3165 | D:4      | Gained mutation: You have sharp toenails. [potion of
                  | mutation]
  3165 | D:4      | Gained mutation: Your mind is acute. (Int +2) [potion of
                  | mutation]
  3273 | D:4      | Found a hazy altar of Hepliaklqana.
  3345 | D:4      | Found a white marble altar of Elyvilon.
  3402 | D:4      | Reached skill level 1 in Dodging
  3402 | D:4      | Reached skill level 1 in Stealth
  3427 | D:4      | Found an opulent altar of Gozag.
  3431 | D:4      | Noticed Menkaure
  3439 | D:4      | Mangled by Menkaure

Illustrated notes

Levels and vault maps discovered:
D:1:      dpeg_arrival_court, layout_loops_ring
D:2:      layout_loops_ring, old_standard_altar
D:3:      layout_basic, old_standard_altar, chequers_serial_rivers_room_a,
          uniq_crazy_yiuf_cottage
D:4:      layout_loops_ring, kennysheep_mini, overflow_temple_1_default,
          nicolae_gozag_seed_capital, uniq_blork_the_orc, uniq_menkaure

Skill      XL: |  1  2  3  4  5  6 |
---------------+-------------------+-----
Maces & Flails | 3 4 |  4.7
Shields        | 4 |  4.3
Armour         | 4 |  4.2
Fighting       | 4 |  4.1
Dodging        | 1 |  1.0
Stealth        | 1 |  1.0

Action                   |  1- 3 |  4- 6 || total
-------------------------+-------+-------++-------
Melee: Flail             |   156 |   178 ||   334
  Use: Scroll            |       |    12 ||    12
       Potion            |       |     6 ||     6
 Stab: Invisible         |       |     2 ||     2
Armor: Scale mail        |    89 |    70 ||   159
Dodge: Dodged            |    57 |    55 ||   112
Block: Kite shield       |    87 |    96 ||   183

Table legend: (Time is in decaauts)
 A = Elapsed time spent in this place.
 B = Non-inter-level travel time spent in this place.
 C = Inter-level travel time spent in this place.
 D = Time resting spent in this place.
 E = Time spent auto-exploring this place.
 F = Levels seen in this place.
 G = Mean time per level.
                   A        B        C        D        E       F      G
               +--------+--------+--------+--------+--------+-----+--------+
         Total |   3532 |   3407 |    125 |    257 |   2358 |   4 |  883.0 |
       Dungeon |   3532 |   3407 |    125 |    257 |   2358 |   4 |  883.0 |
               +--------+--------+--------+--------+--------+-----+--------+

Top non-repeatable levels by time:
     D:1: 1071 daAuts
     D:3: 1027 daAuts
     D:2: 764 daAuts
     D:4: 668 daAuts
